Map: Amygdala

Players

Serral - Winner!

  • Race: Zerg Zerg
  • League: Master
  • Spawn Location: 7:00

MaxPax

  • Race: Protoss Protoss
  • League: Master
  • Spawn Location: 1:00

VOD

Have the link to the VOD?

Description

Time

  • Played on: Jan. 26, 2025, 7:16 a.m.
  • Length: 14:22
Show
View Real Time Build Order
Export as new Build Order

Serral Zerg - Winner!

Build Orders: Pool First, Brood Lord Corruptor 

Get SALT Encoding   

  12  0:00  Drone  
  13  0:08  Drone  
  13  0:14  Drone, Extractor  
  15  0:21  Overlord  
  15  0:35  Spawning Pool  
  15  0:40  Drone  
  15  0:44  Drone  
  15  0:47  Drone  
  17  1:07  Hatchery  
  17  1:09  Drone  
  17  1:22  Zergling x4  
  19  1:26  Zergling x2  
  19  1:28  Queen  
  19  1:31  Extractor  
  21  1:37  Overlord  
  21  1:47  Drone  
  22  1:59  Drone  
  23  2:04  Queen  
  25  2:10  Drone  
  26  2:19  Drone  
  26  2:20  Drone  
  26  2:21  Queen  
  30  2:32  Drone x2  
  30  2:36  Metabolic Boost  
  32  2:39  Overlord  
  32  2:42  Drone  
  33  2:44  Drone  
  33  2:47  Drone  
  33  2:52  Drone x2  
  33  2:57  Drone  
  36  3:07  Hatchery  
  34  3:12  Overlord  
  34  3:13  Drone  
  34  3:15  Drone  
  34  3:17  Drone  
  34  3:19  Drone  
  38  3:25  Drone x3  
  41  3:33  Spore Crawler  
  41  3:34  Zergling x6  
  41  3:39  Queen  
  45  3:45  Zergling x6  
  45  3:47  Zergling x2  
  49  3:50  Overlord  
  49  3:53  Drone x2  
  51  3:57  Drone  
  51  4:01  Drone, Spore Crawler  
  52  4:15  Drone x7  
  56  4:19  Drone  
  56  4:22  Queen  
  56  4:24  Drone  
  60  4:27  Drone  
  60  4:31  Drone  
  62  4:32  Drone x2  
  62  4:37  Zergling x2  
  65  4:39  Drone  
  65  4:43  Overlord  
  65  4:44  Overlord  
  65  4:50  Drone  
  65  4:52  Drone, Roach Warren  
  65  4:53  Overlord  
  65  4:59  Overlord  
  65  5:02  Zergling x2  
  65  5:03  Drone x6  
  72  5:08  Drone  
  72  5:12  Drone  
  74  5:14  Drone  
  74  5:15  Drone  
  74  5:17  Spore Crawler  
  74  5:19  Lair  
  74  5:21  Hatchery  
  74  5:23  Drone  
  74  5:25  Extractor  
  74  5:26  Drone x2, Evolution Chamber  
  74  5:27  Drone  
  76  5:28  Drone  
  76  5:32  Drone  
  76  5:33  Drone x3  
  81  5:38  Zergling x2  
  81  5:39  Drone x2  
  81  5:41  Drone x2  
  81  5:42  Overlord  
  85  5:43  Extractor  
  85  5:46  Drone x2  
  85  5:47  Overlord  
  86  5:52  Zergling x2  
  86  5:53  Drone  
  86  5:54  Drone  
  89  6:02  Drone x2, Queen  
  93  6:05  Zergling x2  
  93  6:09  Extractor  
  93  6:10  Hatchery  
  92  6:11  Extractor  
  92  6:13  Extractor  
  92  6:14  Roach x6  
  92  6:18  Overlord  
  102  6:20  Spire  
  102  6:22  Glial Reconstitution  
  101  6:27  Overlord  
  101  6:28  Zergling x8  
  101  6:29  Zergling x2  
  101  6:31  Overlord  
  105  6:34  Zerg Melee Weapons Level 1  
  105  6:37  Overlord  
  105  6:38  Zergling x4  
  107  6:42  Zergling x8  
  107  6:44  Overseer  
  107  6:45  Overlord  
  111  6:49  Zergling x8  
  115  6:55  Zergling x10  
  120  7:04  Drone x3  
  120  7:06  Drone  
  120  7:08  Queen  
  123  7:11  Drone x2  
  123  7:14  Overlord  
  126  7:17  Zergling x18  
  126  7:22  Drone x4  
  134  7:23  Drone  
  134  7:29  Overlord  
  134  7:33  Zergling x8  
  138  7:40  Overlord  
  136  7:48  Mutalisk x9  
  153  7:52  Queen  
  153  7:55  Roach  
  156  8:00  Roach x4  
  156  8:04  Roach x3  
  166  8:10  Extractor  
  166  8:11  Baneling Nest, Roach x4  
  171  8:15  Overlord  
  171  8:20  Roach  
  171  8:21  Roach x4  
  171  8:27  Drone  
  181  8:29  Overlord x3, Zerg Missile Weapons Level 1  
  181  8:33  Drone x2  
  181  8:34  Drone  
  183  8:36  Drone x2  
  183  8:38  Overlord  
  185  8:42  Infestation Pit  
  185  8:44  Extractor  
  185  8:45  Drone x3  
  185  8:46  Drone x3  
  186  8:50  Zergling x2  
  186  8:51  Zergling x16  
  186  8:54  Zergling x2  
  196  8:59  Centrifugal Hooks  
  196  9:01  Zergling x14  
  185  9:11  Zergling x10  
  185  9:12  Zergling x14  
  185  9:16  Drone  
  196  9:20  Zergling x8  
  195  9:29  Drone x3  
  195  9:31  Hive  
  192  9:32  Zergling x8  
  192  9:34  Zergling x10  
  192  9:35  Zergling x4  
  192  9:37  Zergling x10  
  192  9:38  Zergling x2  
  184  9:49  Evolution Chamber  
  184  9:50  Zergling x12  
  188  10:00  Hatchery  
  188  10:05  Zergling x2  
  188  10:06  Zergling x34  
  191  10:14  Baneling  
  191  10:15  Baneling x14  
  191  10:19  Zergling x12  
  191  10:20  Zergling x4  
  175  10:22  Zerg Melee Weapons Level 2  
  175  10:24  Roach x5  
  175  10:27  Zergling x2  
  173  10:30  Baneling x20  
  173  10:39  Ravager x8  
  173  10:42  Zergling x22  
  192  10:46  Baneling x10  
  183  10:58  Zergling x28  
  183  11:03  Baneling x5  
  197  11:08  Adrenal Glands, Greater Spire  
  197  11:10  Zerg Missile Weapons Level 2  
  178  11:19  Zergling x28  
  178  11:21  Zergling x2  
  178  11:22  Zergling x4  
  173  11:29  Zergling x18  
  176  11:32  Baneling  
  176  11:33  Baneling x6  
  176  11:37  Zergling x12  
  176  11:38  Zergling x4  
  180  11:51  Baneling x23  
  180  11:52  Zergling x8  
  183  12:07  Zergling x16  
  183  12:08  Zergling x8  
  176  12:11  Zergling x12  
  176  12:12  Zergling x10  
  153  12:16  Roach  
  153  12:19  Roach x6  
  153  12:20  Roach  
  169  12:30  Baneling x7  
  169  12:31  Zergling x18, Roach x2  
  181  12:37  Zergling x14  
  188  12:48  Corruptor  
  188  12:49  Corruptor x4  
  197  12:52  Corruptor x5  
  197  12:56  Corruptor x3  
  193  13:04  Spine Crawler  
  192  13:21  Zergling x2  
  192  13:22  Zergling x26  
  189  13:28  Zergling x28  
  191  13:36  Brood Lord x5  
  192  13:50  Brood Lord x2  
  192  13:52  Zergling x30  
Show
View Real Time Build Order
Export as new Build Order

MaxPax Protoss 

Build Orders: 1 Gate Expand, Oracle Opening 

Get SALT Encoding   

  12  0:00  Probe  
  13  0:12  Probe  
  14  0:19  Pylon  
  14  0:24  Probe  
  15  0:33  Probe  
  15  0:39  Gateway  
  15  0:41  Probe  
  16  0:47  Assimilator  
  17  0:51  Probe  
  18  1:03  Probe  
  19  1:16  Probe  
  20  1:22  Nexus  
  20  1:31  Cybernetics Core  
  20  1:34  Probe  
  20  1:39  Assimilator  
  21  1:46  Probe  
  22  1:48  Pylon  
  22  1:57  Probe  
  23  2:05  Probe  
  25  2:11  Stargate  
  25  2:13  Probe  
  27  2:25  Pylon  
  27  2:30  Adept  
  27  2:33  Pylon  
  27  2:35  Probe  
  28  2:37  Probe  
  29  2:47  Probe  
  29  2:53  Probe  
  29  2:54  Oracle  
  29  3:00  Probe  
  33  3:07  Probe  
  33  3:12  Probe  
  35  3:19  Probe  
  36  3:20  Warp Gate  
  36  3:21  Adept  
  36  3:24  Probe  
  36  3:26  Oracle  
  39  3:27  Pylon  
  39  3:33  Probe  
  40  3:37  Probe  
  44  3:44  Gateway  
  44  3:46  Probe  
  45  3:50  Probe  
  46  3:58  Probe  
  47  4:06  Nexus  
  47  4:10  Probe  
  47  4:11  Probe  
  49  4:22  Probe  
  49  4:24  Assimilator  
  50  4:25  Probe, Assimilator  
  50  4:27  Pylon  
  51  4:34  Probe  
  51  4:37  Probe  
  53  4:40  Twilight Council  
  53  4:46  Probe  
  53  4:48  Nexus  
  53  4:49  Probe  
  55  4:54  Forge  
  55  4:58  Probe  
  55  4:59  Blink  
  56  5:01  Probe  
  57  5:08  Stalker x2  
  57  5:10  Probe  
  57  5:13  Protoss Ground Weapons Level 1  
  62  5:20  Pylon  
  62  5:26  Gateway  
  62  5:29  Gateway  
  62  5:33  Gateway  
  62  5:34  Gateway  
  62  5:38  Probe x2  
  64  5:44  Stalker x2  
  68  5:50  Probe x2  
  70  5:59  Probe, Shield Battery  
  70  6:02  Probe x2  
  73  6:07  Probe  
  73  6:08  Stalker x2  
  78  6:12  Pylon  
  78  6:15  Probe x2  
  78  6:16  Probe  
  80  6:20  Stalker  
  80  6:24  Pylon  
  80  6:25  Stalker  
  85  6:28  Templar Archives  
  85  6:30  Probe x3  
  88  6:33  Stalker x2  
  92  6:42  Probe  
  92  6:43  Pylon  
  92  6:44  Stalker x2  
  92  6:47  Pylon  
  97  6:48  Probe  
  97  6:49  Probe, Assimilator  
  97  6:51  Assimilator  
  99  6:55  Probe  
  99  7:00  Psionic Storm, Probe  
  101  7:05  Stalker x4  
  101  7:07  Probe  
  111  7:08  Probe  
  111  7:12  Charge, Probe  
  112  7:19  Probe  
  109  7:26  Stalker x2  
  109  7:28  Stalker x2  
  117  7:32  Pylon  
  117  7:33  Protoss Ground Weapons Level 2  
  117  7:52  High Templar x3  
  117  7:53  Nexus  
  117  7:54  Zealot, Gateway x2  
  125  8:06  Pylon  
  125  8:07  Gateway  
  125  8:08  Photon Cannon  
  125  8:10  Gateway, Robotics Facility  
  125  8:16  Photon Cannon  
  125  8:23  High Templar, Probe x2  
  125  8:24  High Templar, Probe  
  125  8:25  Stalker  
  132  8:33  Pylon  
  132  8:34  Pylon, Photon Cannon  
  132  8:35  Probe  
  133  8:48  Probe x2  
  133  8:52  Pylon x2  
  133  8:53  Stalker x5  
  136  9:03  Archon x2  
  136  9:07  Stalker x5  
  136  9:08  Probe  
  128  9:13  Probe  
  129  9:20  Stalker x5  
  138  9:29  Warp Prism  
  129  9:44  High Templar x3  
  129  9:46  Photon Cannon  
  129  9:50  Probe  
  129  9:51  Probe  
  128  9:57  Probe  
  128  9:59  High Templar x2  
  126  10:00  Zealot x5  
  126  10:02  Probe  
  131  10:14  Photon Cannon  
  131  10:21  Archon x2  
  117  10:23  High Templar x3  
  117  10:24  Zealot x5  
  131  10:29  Observer  
  132  10:40  Zealot, High Templar  
  136  10:45  Nexus  
  136  10:46  Pylon  
  136  10:48  Sentry  
  136  10:49  Stalker  
  140  10:56  Probe x2  
  123  10:57  Probe  
  123  11:03  Zealot x3  
  126  11:05  Zealot x2  
  126  11:08  Probe x2  
  126  11:10  Probe  
  132  11:21  Archon x2, Probe x2  
  132  11:22  Zealot x5  
  128  11:28  Probe  
  128  11:32  High Templar x3  
  127  11:33  Probe  
  127  11:38  Zealot, High Templar  
  133  11:40  Probe  
  123  11:51  Zealot x4, High Templar  
  115  12:16  High Templar x3  
  115  12:18  Zealot x6  
  133  12:28  High Templar, Probe  
  133  12:29  Observer, Probe  
  138  12:39  High Templar  
  138  12:40  Zealot x4  
  138  12:44  Probe  
  149  12:47  Pylon  
  149  12:48  Pylon  
  145  12:58  High Templar x2  
  147  12:59  Zealot  
  149  13:05  Zealot  
  149  13:06  Zealot x3, Pylon  
  157  13:13  Pylon  
  157  13:14  Pylon  
  143  13:27  Zealot x5  
  145  13:35  Archon  
  145  13:37  Zealot x4  
  143  13:52  Archon  
  115  13:59  High Templar x4  
  115  14:00  High Templar x2  
  113  14:04  Archon  
  113  14:06  Archon  
Tags
 
Add a new tag
Caveats
  • Supply blocks, unpowered buildings, or Contaminate may cause inaccurate times.
  • Supply counts are checked every 10 seconds.